 Dungeon Crawl Stone Soup version 0.14-a0-1097-gc7db7fc (webtiles) character file.

91500 4tharraofdagon the Severer (level 15, -5/117 HPs)
             Began as a Djinni Fighter on Nov 27, 2013.
             Was an Elder of Makhleb.
             Slain by an acid blob (29 damage)
             ... created by the royal jelly
             ... on Level 6 of the Pits of Slime.
             The game lasted 02:11:32 (11606 turns).

4tharraofdagon the Severer (Djinni Fighter)        Turns: 11606, Time: 02:11:33

HP  -5/117       AC 23     Str 20 (21) XL: 15   Next: 53%
MP   0/0         EV 12     Int  8      God: Makhleb [****..]
Gold 741         SH  2     Dex 13 (14) Spells:  0 memorised, 14 levels left

rFire  + + +     SeeInvis .     b - +6,+1 battleaxe of Valour {vamp, +Blink MR+ Str-1}
rCold  + . .     Clarity  .     c - +4 chain mail {rC+}
rNeg   + + +     Conserve .     (no shield)
rPois  .         rCorr    +     H - +0 orc crested helmet
rElec  .         rRot     .     I - +0 dwarf cloak
SustAb . .       Spirit   .     O - +0 pair of gauntlets
rMut   .         Warding  .     (boots unavailable)
Saprov . . .     Stasis   .     Y - amulet of resist corrosion
                                l - ring of ice
                                o - +4 ring of evasion

@: flying, very slightly contaminated, very resistant to hostile enchantments,
extremely unstealthy
A: fire immunity, cold vulnerability, large bone plates 1, berserk 1, blurry
vision 1, deterioration 2, frail 1, low mp 2, life protection 3
a: Minor Destruction, Lesser Servant of Makhleb, Major Destruction, Renounce
Religion, Evoke Blink


You were on level 6 of the Pits of Slime.
You worshipped Makhleb.
Makhleb was greatly pleased with you.
You were not hungry.

You visited 4 branches of the dungeon, and saw 31 of its levels.
You also visited: Labyrinth, Sewer, Ossuary, Bailey and Ice Cave.

You collected 959 gold pieces.
You spent 218 gold pieces at shops.

Inventory:

Hand weapons
 b - the +6,+1 battleaxe of Valour (weapon) {vamp, +Blink MR+ Str-1}
   (You found it in a labyrinth)

   It inflicts no extra harm, but heals its wielder somewhat when it strikes a
   living foe.
   It affects your strength (-1).
   It affects your resistance to hostile enchantments.
   It lets you blink.
 r - a +0 blowgun
 Z - a +1,+4 dwarven vampiric battleaxe
Missiles
 k - 7 darts of flame (quivered)
 s - 15 curare-tipped needles
 G - 5 throwing nets
Armour
 c - a +4 chain mail of cold resistance (worn)
 h - a +0 plate armour
 y - a +0 large shield
 H - a +0 orcish crested helmet (worn)
 I - a +0 dwarven cloak (worn)
 L - a +0 cloak
 O - a +0 pair of gauntlets (worn)
Magical devices
 m - a wand of lightning (4)
 B - a wand of lightning (0)
 M - a wand of cold (3)
 S - a wand of heal wounds (7)
Scrolls
 d - a scroll of summoning
 e - 2 scrolls of fear
 j - a scroll of fog
 p - a scroll of enchant armour {unknown}
 q - 2 scrolls of recharging
 u - a scroll of acquirement {unknown}
 z - a scroll of noise
Jewellery
 f - an uncursed amulet of conservation
 i - an uncursed ring of protection from magic {unknown}
 l - a ring of ice (right hand)
 o - a +4 ring of evasion (left hand)
 v - an uncursed ring of see invisible {unknown}
 E - a -3 ring of strength
 Q - a +3 ring of intelligence
 Y - an amulet of resist corrosion (around neck)
Potions
 K - 2 potions of curing
 V - a potion of brilliance
Books
 g - a book of Control

   Spells                             Type                      Level
   Control Teleport                   Charms/Translocation         4
   Control Undead                     Necromancy                   4
   Enslavement                        Hexes                        4
   Mass Confusion                     Hexes                        6
   Metabolic Englaciation             Hexes/Ice                    6
Magical staves
 x - an uncursed staff of wizardry
Miscellaneous
 C - a fan of gales (inert)
 W - a fan of gales (inert)


   Skills:
 + Level 12.0 Fighting
 * Level 16.0 Axes
 + Level 13.8 Armour
 - Level 3.2 Dodging
   Level 3.0 Shields
 - Level 4.0 Invocations
 + Level 12.5 Evocations


You had 14 spell levels left.
You didn't know any spells.

Dungeon Overview and Level Annotations

Branches:
Dungeon (16/16)            Temple (0/1) D:7            Lair (8/8) D:10
  Slime (6/6) Lair:7       Vaults (0/5) D:15         Depths (1/6) D:16
    Orc: D:9-12       Swamp: Lair:3-6    Shoals: Lair:3-6     Snake: Lair:3-6
 Spider: Lair:3-6

Altars:
Makhleb
Jiyva

Shops:
D:9 (   D:14 [

Annotations:
D:6 Menkaure
D:16 exclusion: downstairs
Lair:4 NAGA
Lair:5 exclusion: oklob plant
Slime:6 Royal Jelly


Innate Abilities, Weirdness & Mutations

You are immune to all types of fire, even holy and hellish.
You are vulnerable to cold.
You need no food.
You have no legs.
You are immune to negative energy.
You are partially covered in large bone plates (AC +2, SH +2).
You tend to lose your temper in combat.
Your vision is a little blurry.
Your body is deteriorating.
You are frail (-10% HP).
Your magical capacity is very low (-20% MP).


Message History

The splash of acid hits your cacodemon.
Your cacodemon appears unharmed.
The azure jelly jiggles.
The acid blob spits acid at you. The splash of acid hits you! You resist.
The acid burns!
You resist.
* * * LOW HITPOINT WARNING * * *
Your cacodemon gestures at the acid blob.
The bolt of energy hits the acid blob.
The acid blob is blown up!
Unknown command.
Unknown command.
Unknown command.
Unknown command.
Unknown command.
Unknown command.
Use which ability? (? or * to list)
Okay, then.
Use which ability? (? or * to list)
You blink.
The acid blob closely misses you. The acid blob hits you!
You die...

##G# ##.......J.........
..# ##......J..........
#.## #....J.J...........
#. ####.....2.%.........
._
#........J............
.. .#...J..J§..........#
##. ##..................
. #..................#
##..@..............#
##.J.............###
##.................#
###..................#
##.................#.##
#...................#.#
.#
.......................#
...
..................####.#
...
.....................#


You could see 2 acid blobs, 2 azure jellies, 3 death oozes and a friendly
cacodemon.

Vanquished Creatures
  5 acid blobs (Slime:6)
  2 azure jellies (Slime:6)
  The ghost of deathofrats the Grappler, a powerful TrMo (Slime:2)
  A death ooze (Slime:6)
  A fire dragon (D:15)
  A great orb of eyes (Slime:1)
  2 hydras
  5 death yaks (Lair:4)
  A centaur warrior (D:15)
  3 unseen horrors (D:14)
  7 giant amoebae
  An unseen horror (shapeshifter) (D:14)
  4 hill giants
  Pikel (D:6)
  A wizard (D:14)
  A griffon (Lair:8)
  2 shining eyes
  6 elephants (Lair:7)
  Maurice (D:8)
  An oklob plant (Lair:7)
  A black mamba (Lair:8)
  An orange demon (Lair:7)
  A queen ant (Lair:8)
  20 spiny frogs
  5 yaktaurs (D:16)
  6 fire drakes
  4 komodo dragons
  2 polar bears
  2 giant leeches (Lair:8)
  A trapdoor spider zombie (D:12)
  22 blink frogs
  A brown ooze (shapeshifter) (D:16)
  A grizzly bear (Lair:2)
  35 slime creatures
  A two-headed ogre (D:16)
  4 brown oozes (Slime:6)
  4 basilisks
  An ugly thing (D:15)
  A redback (Lair:6)
  7 sharks
  A wraith (D:9)
  A trapdoor spider (D:16)
  2 hill giant zombies
  33 yaks
  A steam dragon (D:12)
  A wyvern (D:12)
  2 hungry ghosts
  4 golden eyes (Slime:4)
  A deep elf fighter (D:10)
  10 wolves
  19 soldier ants (Lair:8)
  6 humans (D:15)
  3 hill giant skeletons
  4 hippogriffs
  5 manticores
  3 vampire mosquitoes (Lair:8)
  3 porcupines
  2 necrophages (D:8)
  4 slaves (D:6)
  2 mottled dragons
  4 orc warriors
  4 ice beasts
  2 ogres
  A black bear (Lair:2)
  5 giant goldfish
  4 sky beasts
  A boring beetle (Lair:8)
  7 centaurs
  3 water moccasins
  6 crocodiles
  5 giant slugs
  A lava worm (Lair:2)
  A gnoll sergeant (D:12)
  2 big kobolds
  A wyvern zombie (D:14)
  19 giant frogs
  3 agate snails
  A cyclops skeleton (D:14)
  4 eyes of draining
  A yak zombie (D:12)
  8 killer bees
  6 jellyfish
  A troll zombie (D:11)
  15 wights
  2 lava fish (Lair:2)
  3 centaur zombies
  4 electric eels
  A giant frog zombie (D:11)
  3 goliath beetles
  2 human zombies (Ossuary)
  2 pulsating lumps
  2 big fish
  10 jellies
  A lava snake (Lair:2)
  A giant frog skeleton (D:5)
  An orc priest (D:5)
  7 crimson imps
  6 hounds
  4 orc wizards
  6 iguanas
  5 scorpions
  27 worker ants
  11 sheep
  3 big kobold zombies (Ossuary)
  A centaur simulacrum (D:11)
  A basilisk simulacrum (D:11)
  3 mummies (Ossuary)
  14 adders
  18 gnolls
  A worm zombie (D:7)
  An ogre simulacrum (IceCv)
  39 green rats
  2 giant centipedes
  3 giant mites
  3 worms
  An adder zombie (D:5)
  3 scorpion zombies
  An adder skeleton (D:9)
  A giant centipede zombie (D:11)
  4 grey rats (Sewer)
  3 giant eyeballs
  2 giant geckos
  11 oozes
  23 orcs
  14 bats
  4 giant cockroaches
  6 hobgoblins
  19 jackals
  31 kobolds
  5 quokkas
  A ball python (D:1)
  A giant newt (D:1)
  2 gnoll zombies
  17 goblins
  4 goblin zombies
  3 hobgoblin zombies (Ossuary)
  2 jackal skeletons
  A kobold skeleton (D:6)
  3 kobold zombies
  17 rats
  4 fungi (Lair:8)
  A plant (Lair:8)
750 creatures vanquished.

Vanquished Creatures (collateral kills)
  Norris (D:15)
  4 acid blobs
  4 azure jellies (Slime:6)
  Donald (D:15)
  A green death (Slime:6)
  2 death oozes (Slime:6)
  A minotaur (Lab)
  A great orb of eyes (Slime:6)
  Josephine (D:11)
  A centaur warrior (D:16)
  2 giant amoebae
  3 ice statues (IceCv)
  A wizard (D:16)
  2 orc sorcerers (D:16)
  2 necromancers
  5 hill giants
  A frost giant skeleton (D:16)
  A feature mimic (Bailey)
  A stone giant skeleton (D:16)
  A shining eye (Slime:2)
  A naga mage (D:16)
  A spiny frog (Lair:8)
  A troll (D:14)
  8 blue devils (IceCv)
  Sonja (D:14)
  A slime creature (Slime:6)
  A two-headed ogre (D:16)
  3 brown oozes (Slime:6)
  A griffon zombie (D:16)
  2 shadows
  The ghost of timbw the Cudgeler, an average TrFi (D:8)
  A hill giant zombie (D:16)
  5 yaks
  9 humans
  A wraith (D:15)
  Grum (D:9)
  3 wolves (D:9)
  A manticore (D:9)
  9 ugly things (D:16)
  A neqoxec (Lab)
  A soldier ant (Lair:8)
  A mottled dragon (D:14)
  2 freezing wraiths (D:14)
  3 ice beasts
  A phantom (D:9)
  A spriggan simulacrum (IceCv)
  A crocodile (D:16)
  A giant slug (D:16)
  A big kobold (D:15)
  A giant frog (Lair:5)
  4 wights
  A crimson imp (D:9)
  A jelly (D:11)
  2 quasits (Lab)
  A soldier ant zombie (D:16)
  A worker ant (Lair:8)
  4 troll simulacra (IceCv)
  A centaur simulacrum (IceCv)
  A mottled dragon skeleton (D:16)
  A gnoll (Bailey)
  2 green rats (Lair:7)
  A giant centipede (D:14)
  An ogre simulacrum (IceCv)
  2 naga simulacra (IceCv)
  A giant eyeball (D:11)
  4 kobolds (D:15)
  A quokka zombie (D:7)
130 creatures vanquished.

Vanquished Creatures (others)
  5 cacodemons (Slime:6)
  4 balrugs
  A blizzard demon (Slime:6)
  A green death (Slime:6)
  2 orange demons (D:14)
  6 air elementals (Slime:6)
  2 ynoxinuls
  2 neqoxecs
  A worker ant (Lair:8)
  A sheep (Lair:2)
  21 ufetubi
  3 fungi (Lair:8)
  A plant (Lair:8)
  A toadstool (D:6)
51 creatures vanquished.

Grand Total: 931 creatures vanquished

Notes
Turn   | Place    | Note
--------------------------------------------------------------
     0 | D:1      | 4tharraofdagon, the Djinni Fighter, began the quest for the Orb.
     0 | D:1      | Reached XP level 1. HP: 16/16 MP: 0/0
    80 | D:1      | Reached XP level 2. EP: 11/22
   204 | D:2      | Found a burning altar of Makhleb.
   232 | D:2      | Became a worshipper of Makhleb the Destroyer
   260 | D:3      | Noticed an ogre
   342 | D:1      | Reached XP level 3. EP: 27/29
   495 | D:4      | Acquired Makhleb's first power
   541 | D:4      | Noticed an ogre
   593 | D:4      | Found a sand-covered staircase.
   600 | Ossuary  | Entered an ossuary
   644 | Ossuary  | Reached XP level 4. EP: 27/35
   664 | Ossuary  | Reached skill level 4 in Armour
   770 | Ossuary  | Reached XP level 5. EP: 31/41
   999 | Ossuary  | Reached XP level 6. EP: 23/48
  1278 | D:4      | timbw: does slow swinging regen take less turns?
  1326 | D:4      | Noticed an ogre
  1345 | D:5      | Entered Level 5 of the Dungeon
  1362 | D:5      | Acquired Makhleb's second power
  1377 | D:5      | Found a glowing drain.
  1381 | Sewer    | Entered a sewer
  1414 | Sewer    | 4tharraofdagon: all i know
  1414 | Sewer    | 4tharraofdagon: is that scroll swinging takes 1.5 turns,its guaranteed one
  1414 | Sewer    | timbw: does each swing
  1414 | Sewer    | 4tharraofdagon: if i find gmace ill swing with that
  1414 | Sewer    | timbw: count as only 1 turn though?
  1414 | Sewer    | 4tharraofdagon: ye
  1414 | Sewer    | timbw: so u get
  1414 | Sewer    | timbw: 1.5 times regen
  1414 | Sewer    | Ladykiller69: wait what
  1414 | Sewer    | 4tharraofdagon: yep
  1414 | Sewer    | Ladykiller69: does it not use the time
  1414 | Sewer    | Ladykiller69: but the turn count :O!?
  1414 | Sewer    | 4tharraofdagon: 2swings=3 wait
  1414 | Sewer    | timbw: turns = actions
  1414 | Sewer    | timbw: time is something else
  1414 | Sewer    | Ladykiller69: so chei is REALLY good for this
  1414 | Sewer    | Ladykiller69: now I understand
  1414 | Sewer    | timbw: yes
  1414 | Sewer    | 4tharraofdagon: 1turn=1 push of button
  1414 | Sewer    | 4tharraofdagon: with some exceptions like stairs or reequipping armor
  1453 | Sewer    | Reached skill level 5 in Axes
  1475 | Sewer    | Found a glowing silver altar of Zin.
  1558 | D:6      | Noticed Menkaure
  1573 | D:5      | Reached skill level 5 in Armour
  1580 | D:5      | Reached XP level 7. EP: 45/54
  2032 | D:4      | Ladykiller69: hm
  2190 | D:6      | Noticed Pikel
  2199 | D:7      | Reached skill level 6 in Axes
  2233 | D:6      | Acquired Makhleb's third power
  2257 | D:6      | Found a viscous altar of Jiyva.
  2264 | D:6      | Reached skill level 5 in Fighting
  2264 | D:6      | Reached XP level 8. EP: 62/62
  2451 | D:6      | timbw: u got ***
  2457 | D:6      | timbw: time for pikel?
  2589 | D:7      | Reached skill level 1 in Invocations
  2758 | D:7      | timbw: nice
  2799 | D:7      | Found a staircase to the Ecumenical Temple.
  2805 | D:7      | Found a burning altar of Makhleb.
  2851 | D:7      | Reached skill level 7 in Axes
  2962 | D:6      | Acquired Makhleb's fourth power
  2967 | D:6      | Killed Pikel
  2967 | D:6      | Reached XP level 9. EP: 66/73
  3035 | D:8      | Noticed Maurice
  3038 | D:8      | Paralysed by a giant eyeball for 2 turns
  3076 | D:8      | Killed Maurice
  3171 | D:8      | Reached skill level 8 in Axes
  3268 | D:8      | Noticed timbw's ghost (average TrFi)
  3279 | D:8      | timbw: bene mut
  3290 | D:8      | Killed timbw's ghost
  3348 | D:9      | Acquired Makhleb's fifth power
  3385 | D:9      | Found a flagged portal.
  3388 | D:9      | Found Pserip Daha's Antique Weapon Emporium.
  3403 | Bailey   | Entered a bailey
  3422 | Bailey   | timbw: why are u saving it
  3423 | Bailey   | timbw: ?
  3459 | Bailey   | Ladykiller69: all the halberds are elec
  3470 | Bailey   | Ladykiller69: without exception
  3808 | Bailey   | Killed a fountain mimic
  3808 | Bailey   | Reached skill level 1 in Evocations
  3859 | D:9      | Ladykiller69: have djinn been changed so they can mutate now?
  3859 | D:9      | timbw: they always could
  3868 | D:9      | Ladykiller69: are you certain?
  3872 | D:9      | timbw: yes
  3891 | D:9      | Ladykiller69: I thought they could only have timed mutations
  3901 | D:9      | timbw: its just that they are immune from mutations from contam
  3909 | D:9      | Reached skill level 9 in Axes
  3909 | D:9      | Reached XP level 10. EP: 69/83
  3938 | D:9      | timbw: all other sources work just as normal
  3947 | D:9      | Noticed Grum
  3961 | D:9      | Killed Grum
  3992 | D:9      | Ladykiller69: I never knew :O
  4070 | D:8      | timbw: its just their hunger thing
  4077 | D:8      | timbw: yellow contam gives temp muts
  4203 | D:8      | timbw: arra you need to quaff that bene mut before you lose it man
  4306 | D:10     | Entered Level 10 of the Dungeon
  4328 | D:10     | Paralysed by a giant eyeball for 4 turns
  4336 | D:10     | Paralysed by a giant eyeball for 3 turns
  4340 | D:10     | Paralysed by a giant eyeball for 3 turns
  4346 | D:10     | Paralysed by a giant eyeball for 3 turns
  4422 | D:10     | Ladykiller69: hm
  4422 | D:10     | 4tharraofdagon: i have to quaf mut
  4422 | D:10     | 4tharraofdagon: first
  4422 | D:10     | timbw: ah ok
  4422 | D:10     | 4tharraofdagon: and see if its worth to mut or cmut
  4422 | D:10     | Ladykiller69: what does sifs channeling do to djinn?
  4422 | D:10     | timbw: nothing
  4422 | D:10     | timbw: no channeling works on dj
  4422 | D:10     | 4tharraofdagon: mass contam
  4422 | D:10     | 4tharraofdagon: and few hp restore
  4422 | D:10     | timbw: i dont think it even works
  4422 | D:10     | 4tharraofdagon: it works
  4422 | D:10     | 4tharraofdagon: i've checked
  4422 | D:10     | Ladykiller69: does it heal?
  4422 | D:10     | 4tharraofdagon: yes
  4422 | D:10     | Ladykiller69: thats a really interesting tradeoff
  4422 | D:10     | 4tharraofdagon: 10heals and you are red contam gl with that
  4422 | D:10     | Ladykiller69: hm
  4422 | D:10     | timbw: with big armour
  4422 | D:10     | 4tharraofdagon: glosplosions will destroy your equipment
  4422 | D:10     | timbw: u can kill shit :O
  4422 | D:10     | Ladykiller69: oh
  4422 | D:10     | timbw: with that contam
  4422 | D:10     | timbw: xd
  4422 | D:10     | Ladykiller69: I thought you'd get mutated!?
  4422 | D:10     | timbw: only temp mut
  4422 | D:10     | 4tharraofdagon: temp muts
  4422 | D:10     | Ladykiller69: yes but
  4427 | D:9      | Ladykiller69: that AND glowsplosions?
  4427 | D:9      | Bought a runed dwarven battleaxe for 218 gold pieces
  4429 | D:9      | timbw: yes
  4435 | D:9      | timbw: but i was joking
  4440 | D:9      | timbw: its clearly not a viable way to play :>
  4470 | D:9      | 4tharraofdagon: you know -str stuff is actually usefull
  4470 | D:9      | timbw: how so
  4470 | D:9      | 4tharraofdagon: get overburdened and double your actions for faster healing
  4470 | D:9      | timbw: ah
  4470 | D:9      | timbw: yes
  4470 | D:9      | 4tharraofdagon: :D
  4470 | D:9      | 4tharraofdagon: i just realised
  4470 | D:9      | timbw: i suppose
  4470 | D:9      | timbw: u can use large rocks and shit to
  4470 | D:9      | timbw: heavy stuff isnt that rare
  4470 | D:9      | 4tharraofdagon: well ill be overburdened all the time
  4470 | D:9      | 4tharraofdagon: i need situational
  4490 | D:10     | timbw: ye ofc I meant situational xd
  4515 | D:10     | timbw: as in, its an option if they are on a convenient spot
  4545 | D:10     | timbw: why are u in chain
  4551 | D:10     | timbw: rather then plate?
  4588 | D:10     | Ladykiller69: Justify yerself
  4622 | D:11     | Noticed a hill giant
  4629 | D:11     | timbw: "30 AC with a +6 chain mail is worse than 28 AC with a +0 plate mail."
  4642 | D:11     | Killed a hill giant
  4642 | D:11     | Reached skill level 10 in Axes
  4661 | D:11     | Ladykiller69: zg
  4663 | D:11     | Ladykiller69: uh
  4664 | D:11     | Ladykiller69: yes
  4668 | D:11     | Ladykiller69: more AC is better
  4687 | D:11     | Found a flickering gateway to a bazaar.
  4690 | D:11     | timbw: but
  4690 | D:11     | timbw: thats not accurate the thing i quouted
  4690 | D:11     | timbw: its wrong
  4699 | D:11     | timbw: but its still right in what its pointing out
  4709 | D:11     | timbw: plate > chain
  4825 | D:12     | Paralysed by a giant eyeball for 2 turns
  4828 | D:12     | Paralysed by a giant eyeball for 3 turns
  4885 | D:12     | Ladykiller69: why not butcher or sac the steam dragon
  4888 | D:12     | timbw: doesnt matter
  4889 | D:12     | timbw: at 6*
  4890 | D:12     | timbw: waste of turns
  4895 | D:12     | Ladykiller69: ah
  4930 | D:12     | Noticed a five-headed hydra
  4955 | D:12     | Killed a five-headed hydra
  5004 | D:12     | Ladykiller69: FUN
  5006 | D:12     | Ladykiller69: well
  5007 | D:12     | Ladykiller69: liquid FUN
  5022 | D:12     | Reached XP level 11. EP: 57/92
  5027 | D:12     | Reached skill level 5 in Evocations
  5109 | D:12     | Your potion of confusion freezes and shatters!
  5185 | D:14     | timbw: man
  5198 | D:14     | Noticed a hill giant
  5199 | D:14     | timbw: that can be exicting
  5204 | D:14     | Killed a hill giant
  5205 | D:14     | timbw: freeze cloud negative rC
  5206 | D:14     | Killed an unseen horror
  5230 | D:14     | Killed an unseen horror
  5230 | D:14     | Reached skill level 11 in Axes
  5399 | D:14     | Killed an unseen horror
  5412 | D:14     | Noticed Sonja
  5437 | D:14     | Killed Sonja
  5437 | D:14     | Reached skill level 10 in Armour
  5521 | D:14     | Found Kluydos' Armour Shoppe.
  5579 | D:14     | Noticed a wizard
  5587 | D:14     | Killed a wizard
  5704 | D:14     | coier: hello guys
  5713 | D:14     | coier: can i ask u a question?
  5713 | D:14     | timbw: hi
  5761 | D:14     | Daniel: hi
  5782 | D:14     | coier: so i was wondering, to the summons from hell branches
  5784 | D:14     | coier: grant exP/
  5790 | D:14     | coier: do*
  5802 | D:14     | Daniel: summoned by who?
  5813 | D:14     | timbw: most do
  5815 | D:14     | timbw: you can see on them
  5821 | D:14     | timbw: if they are "real"
  5824 | D:14     | timbw: or summoned
  5825 | D:14     | coier: how do u check real or summoned?
  5841 | D:14     | timbw: often hell effects spawn real
  5853 | D:14     | mopl: coier, seems you asked me smtg ?
  5861 | D:14     | Killed an unseen horror
  5865 | D:14     | timbw: theres a purple dot over them
  5873 | D:14     | timbw: if they are summoned
  5873 | D:14     | Daniel: if you play tiles
  5874 | D:14     | coier: nah i generally asked
  5883 | D:14     | timbw: and a red dot
  5902 | D:14     | timbw: if they are permanent summons
  5912 | D:14     | coier: i see
  5913 | D:14     | timbw: and no dot if they ar real
  5913 | D:14     | Daniel: they have icons as timbw mentioned
  5925 | D:14     | timbw: permanent summons are just like normal creatures
  5928 | D:14     | coier: so basically u can go into a hell branch and farm as much as u want?
  5931 | D:14     | timbw: when it comes to piety
  5965 | D:14     | timbw: but does not give exp
  5966 | D:14     | timbw: or loot
  5979 | D:14     | coier: but what if the summons are real? dont they grant exp then?
  5993 | D:14     | timbw: yes they do
  6006 | D:14     | coier: so..u can farm exp at hell branches?
  6008 | D:14     | coier: or not?
  6015 | D:14     | timbw: yes
  6016 | D:14     | Daniel: sure you can
  6029 | D:14     | Found a frozen archway.
  6032 | D:14     | coier: well that is broken as fuck
  6035 | IceCv    | Entered an ice cave
  6038 | IceCv    | timbw: well
  6048 | IceCv    | Daniel: why?
  6053 | IceCv    | timbw: its better to do that
  6053 | IceCv    | timbw: in pan or abyss
  6053 | IceCv    | coier: pan or abyss u might die
  6053 | IceCv    | timbw: its refereed to as scumming
  6064 | IceCv    | coier: in hell branchesu can leave anytime
  6069 | IceCv    | Daniel: you don't have infinite resources
  6150 | IceCv    | coier: technically u have because some spawn leave corpses..
  6152 | IceCv    | coier: so
  6162 | IceCv    | timbw: so what
  6169 | IceCv    | timbw: you waste turns
  6172 | IceCv    | timbw: get lower score
  6172 | IceCv    | coier: so have infinate recourses
  6172 | IceCv    | Daniel: but not just food
  6176 | IceCv    | coier: ohh
  6181 | IceCv    | coier: y as far as score goes ok
  6185 | IceCv    | Daniel: yes you can get to a point when you are capable of killing anything
  6194 | IceCv    | Daniel: and getting exp for it
  6194 | IceCv    | Noticed an ice statue
  6194 | IceCv    | Noticed an ice statue
  6195 | IceCv    | timbw: extended crawl is full of dumb shit
  6196 | IceCv    | timbw: get used to it
  6199 | IceCv    | coier: i see
  6200 | IceCv    | Daniel: but you can get and win the game then
  6204 | IceCv    | coier: it is just that is it my first time to reach really late game
  6204 | IceCv    | coier: and i dont know exactly how it works
  6204 | IceCv    | coier: for example
  6204 | IceCv    | timbw: 4tharra
  6205 | IceCv    | Killed an ice statue
  6209 | IceCv    | timbw: u can
  6209 | IceCv    | Noticed an ice devil
  6212 | IceCv    | coier: how the hell do u deal with random mutations ?
  6214 | IceCv    | timbw: skip everything in this one
  6217 | IceCv    | Killed an ice statue
  6223 | IceCv    | timbw: and just kill the necromancer
  6228 | IceCv    | timbw: or die to the fiend
  6257 | IceCv    | Daniel: well, muts are a bad thing
  6257 | IceCv    | Daniel: you need rmut from somewhere
  6266 | IceCv    | coier: what is a good late game god? is zin good?
  6293 | IceCv    | Daniel: or you can try fight with them with more mutation pots
  6318 | IceCv    | Daniel: zin is good generally yes
  6332 | IceCv    | Daniel: depends on what combo you play
  6353 | IceCv    | timbw: arra pls dont kill all those silumcra
  6355 | IceCv    | coier: i see
  6375 | IceCv    | timbw: its not worth it
  6378 | IceCv    | Daniel: easier for fighter types
  6381 | IceCv    | Daniel: harder for casters
  6393 | IceCv    | Noticed an ice statue
  6395 | IceCv    | timbw: bad luck
  6397 | IceCv    | Killed an ice statue
  6398 | IceCv    | coier: what is the character tharra is playing? the new species? and what build did he build?
  6406 | IceCv    | Noticed a necromancer
  6407 | IceCv    | why
  6409 | IceCv    | Killed a necromancer
  6413 | IceCv    | timbw: maybe exp pot
  6472 | IceCv    | Reached XP level 12. EP: 104/104
  6501 | IceCv    | Daniel: djinni is not so new
  6539 | D:14     | Daniel: and started as a fighter i think
  6567 | D:15     | Entered Level 15 of the Dungeon
  6579 | D:16     | Entered Level 16 of the Dungeon
  6677 | D:16     | Reached skill level 12 in Axes
  6718 | D:15     | Found a gate to the Vaults.
  6718 | D:15     | Noticed Donald
  6718 | D:15     | Noticed Norris
  6719 | D:15     | Daniel: cool donald gear
  6719 | D:15     | timbw: worth a speed pot?
  6719 | D:15     | timbw: gonna cost either way
  6719 | D:15     | Daniel: no reflection tho
  6719 | D:15     | 4tharraofdagon: naa they will fuck me
  6719 | D:15     | Ladykiller69: yeh
  6719 | D:15     | Ladykiller69: hard
  6808 | D:16     | Gained mutation: Your body is slowly deteriorating. [mutagenic meat]
  6867 | D:15     | Noticed a fire dragon
  6871 | D:15     | Killed a fire dragon
  6890 | D:15     | Ladykiller69: djinn cant have their rF lowered rigth?
  6898 | D:15     | 4tharraofdagon: it cant
  6899 | D:15     | 4tharraofdagon: even with cerebov aura
  6907 | D:15     | Killed Donald
  6912 | D:15     | Ladykiller69: so basically
  6915 | D:15     | Ladykiller69: you want ice dragon
  6917 | D:15     | Ladykiller69: armour
  6921 | D:15     | timbw: its okay
  6933 | D:15     | timbw: I think its a bit overestimated for Dj though
  6938 | D:15     | timbw: at least for speedrunning
  6945 | D:15     | timbw: heavy armour better in most situations
  6950 | D:15     | Paralysed by it for 5 turns
  6955 | D:15     | hurdos: Norris!!!!
  6961 | D:15     | timbw: remember pot of magic works as wounds
  7006 | D:15     | Killed Norris
  7304 | D:16     | Ladykiller69: better
  7306 | D:16     | Reached skill level 13 in Axes
  7333 | D:16     | araganzar: is the combined mp/hp healing more useful on a dj?
  7377 | D:16     | Reached XP level 13. EP: 51/114
  7378 | D:16     | Found a staircase to the Depths.
  7389 | Depths:1 | Entered Level 1 of the Depths
  7389 | Depths:1 | Noticed a stone giant
  7389 | Depths:1 | Noticed a stone giant
  7389 | Depths:1 | Noticed a merfolk javelineer
  7390 | Depths:1 | araganzar: welcome to depths
  7390 | Depths:1 | 4tharraofdagon: holy
  7390 | Depths:1 | Ladykiller69: where is ge hoing to?
  7390 | Depths:1 | araganzar: ge is hoing to run I hope
  7395 | D:16     | araganzar: i mean i gope
  7431 | D:16     | araganzar: wow that is the only staircase down too
  7448 | D:16     | Ladykiller69: wait
  7456 | D:16     | Ladykiller69: you want to rush to hell BRANCHLESS?
  7506 | D:16     | araganzar: what good would a branch do him in hell
  7506 | D:16     | Gained mutation: You are partially covered in large bone plates (AC +2, SH +2). [potion of beneficial mutation]
  7507 | D:16     | Daniel: the usual 4tharra style
  7508 | D:16     | 4tharraofdagon: lets do slime
  7508 | D:16     | Ladykiller69: also what rune has he got?
  7601 | D:15     | Ladykiller69: or has runelock been removed
  7602 | D:15     | timbw: its been moved
  7602 | D:15     | Ladykiller69: and ben replaced by
  7603 | D:15     | timbw: from depths to vaults
  7609 | D:15     | Ladykiller69: insane difficulty
  7621 | D:15     | Ladykiller69: ?
  7622 | D:15     | Ladykiller69: what
  7646 | D:15     | Ladykiller69: you need a rune to enter VAULTS?
  7647 | D:15     | Reached skill level 10 in Fighting
  7649 | D:15     | araganzar: depths is just insane difficulty anyway
  7649 | D:15     | 4tharraofdagon: lag
  7649 | D:15     | araganzar: yes
  7649 | D:15     | Ladykiller69: thats really weird
  7649 | D:15     | Ladykiller69: why
  7649 | D:15     | 4tharraofdagon: i rush 2much
  7649 | D:15     | 4tharraofdagon: my fault
  7649 | D:15     | Ladykiller69: I mean
  7649 | D:15     | Ladykiller69: theres no reason
  7649 | D:15     | araganzar: vault is an xp farm
  7649 | D:15     | araganzar: so they want it moved to after a rune
  7649 | D:15     | Ladykiller69: but its hard
  7649 | D:15     | timbw: theres no good reason
  7649 | D:15     | Ladykiller69: its a real risk and whatnot
  7649 | D:15     | timbw: dpeg got a hardone for runelock
  7649 | D:15     | timbw: thats the only reason its there
  7649 | D:15     | araganzar: i agree
  7649 | D:15     | araganzar: I am just saying what the reasoning is
  7649 | D:15     | araganzar: that and dpeg likes it
  7678 | D:14     | araganzar: i don't like things that reduce the # of ways you can play the game
  7706 | D:13     | Noticed a hill giant
  7716 | D:13     | Killed a hill giant
  7795 | D:12     | Ladykiller69: the original reason made some sense
  7795 | D:12     | timbw: PLATE ARMOUR
  7800 | D:12     | araganzar: the tournament banner for reaching hell and the bottom of the dungeon is gonna be tough next time
  7831 | D:11     | araganzar: in 30 minutes i mean
  7832 | D:11     | araganzar: or 27
  7835 | D:11     | Noticed a hill giant
  7837 | D:11     | timbw: nah
  7842 | D:11     | Killed a hill giant
  7855 | D:11     | timbw: its going to be removed all together
  7865 | D:11     | timbw: cause of Fo
  7873 | D:11     | araganzar: yes :)
  7925 | D:11     | Ladykiller69: ???
  7925 | D:11     | araganzar: Fo can't pass runelock though
  7944 | D:11     | araganzar: can they?
  7954 | D:11     | timbw: so u dive and do lair in 15 min
  7962 | D:11     | timbw: then the rest takes like 2 min
  7975 | D:11     | Reached skill level 1 in Dodging
  7979 | D:11     | araganzar: that is what i would call tough
  7995 | D:11     | Noticed Josephine
  8000 | D:11     | araganzar: tougher than spending 15 minutes doing that and not having to get a rune
  8002 | D:11     | Killed Josephine
  8020 | D:11     | Paralysed by a giant eyeball for 3 turns
  8026 | D:11     | Ladykiller69: why do you summon so many greater demons
  8036 | D:11     | Ladykiller69: it screws with your exp
  8041 | D:11     | araganzar: that's his strat
  8073 | D:11     | Ladykiller69: but he didnt need one for josephine for example
  8084 | D:11     | araganzar: you get a lot less xp when you are dead
  8137 | D:10     | timbw: he is already xl 13
  8164 | D:10     | Ladykiller69: so?
  8166 | D:10     | timbw: thats a common outcome for a normal char after lair
  8166 | D:10     | Found a staircase to the Lair.
  8169 | D:10     | timbw: he hasnt even entered it yet
  8189 | D:10     | timbw: his exp is fine
  8193 | Lair:1   | Entered Level 1 of the Lair of Beasts
  8211 | Lair:1   | Ladykiller69: why would he not want more for no risk
  8231 | Lair:1   | timbw: she has bolt of cold
  8238 | Lair:1   | timbw: he is rC-
  8252 | Lair:1   | Ladykiller69: ah
  8278 | Lair:2   | timbw: she can 2 hit him
  8307 | Lair:2   | araganzar: i think it hinges on what you think you "need" to kill something
  8351 | Lair:2   | araganzar: damage takes turns to recover too
  8388 | Lair:2   | araganzar: i am a terrible speedrunner and it would be fun to learn
  8438 | Lair:3   | araganzar: i get hurt too much
  8449 | Lair:3   | Ladykiller69: I think it would kill me
  8467 | Lair:3   | Ladykiller69: I am a bit OCD-y
  8471 | Lair:3   | timbw: people think speedrunning is a lot harder then it is
  8499 | Lair:3   | araganzar: i'm jus tnot good at it
  8511 | Lair:3   | timbw: for some reason they avoid playing the really strong speedrun combos
  8554 | Lair:4   | araganzar: what do you consider to be those in .14
  8566 | Lair:4   | araganzar: beserker of course
  8566 | Lair:4   | timbw: anything Fi with makhab
  8577 | Lair:4   | araganzar: Mak
  8580 | Lair:4   | araganzar: yeah
  8583 | Lair:4   | timbw: any good caster FE with veh
  8601 | Lair:4   | timbw: and it should be noted
  8601 | Lair:4   | araganzar: i didn't do as well with casters
  8604 | Lair:4   | timbw: that DE is
  8605 | Lair:4   | timbw: twice as good
  8605 | Lair:4   | araganzar: having to regen mana
  8607 | Lair:4   | timbw: as any other
  8623 | Lair:4   | timbw: and the others are about the same
  8646 | Lair:4   | araganzar: DE access to firestorm and early powerful conj is unmatched
  8656 | Lair:4   | araganzar: why not sif for mana return
  8659 | Lair:4   | timbw: its more then that
  8665 | Lair:4   | araganzar: quicker access to high level conj?
  8667 | Lair:4   | timbw: you dont need to channel
  8687 | Lair:4   | timbw: mp is not a big issue with veh
  8691 | Lair:4   | araganzar: how do you regen mana without taking 100 turns
  8701 | Lair:4   | Reached skill level 10 in Evocations
  8712 | Lair:4   | timbw: you have a big mp pool
  8715 | Lair:4   | timbw: you dont need to rest
  8733 | Lair:4   | araganzar: i blow mine killing shit
  8765 | Lair:5   | Ladykiller69: speedrunny mages should meele a lot afaik
  8775 | Lair:5   | timbw: nah
  8783 | Lair:5   | araganzar: that's tough with a DE
  8792 | Lair:5   | timbw: you dont melee at all
  8828 | Lair:5   | Ladykiller69: lol
  8829 | Lair:5   | timbw: not after like d5
  8829 | Lair:5   | timbw: anyways
  8834 | Lair:5   | araganzar: man 4 firedraks would wreck some dudes on L5
  8853 | Lair:5   | Reached skill level 14 in Axes
  8927 | Lair:5   | Found a labyrinth entrance.
  8936 | Lab      | Entered a labyrinth
  8951 | Lab      | archaeo: oh, huh, I figured this guy would be dead for sure by now
  8958 | Lab      | archaeo: gj 4tharra
  9011 | Lab      | Ladykiller69: does lab change while you're in it?
  9067 | Lab      | archaeo: every time you get one of those yellow messages, yes
  9121 | Lab      | timbw: its enourmous
  9142 | Lab      | timbw: its very rare that you see changes
  9215 | Lab      | timbw: i bet that wall
  9220 | Lab      | timbw: is a troll vault
  9269 | Lab      | timbw: ye totally was
  9295 | Lab      | timbw: PLATE ARMOUR
  9295 | Lab      | Ladykiller69: uhuhuhuhuuuu
  9295 | Lab      | Ladykiller69: I bet its shit
  9295 | Lab      | timbw: it could be holy brand
  9295 | Lab      | Ladykiller69: can brand weapon create holy brand?
  9295 | Lab      | timbw: no
  9295 | Lab      | archaeo: no
  9307 | Lab      | timbw: hm
  9307 | Lab      | Got a slimy battleaxe
  9308 | Lab      | timbw: if that is a rC ring
  9308 | Lab      | timbw: slime totally doable
  9308 | Lab      | Got a pitted bow
  9311 | Lair:5   | timbw: to bad no dig/disnt
  9315 | Lair:5   | 4tharraofdagon: yea :(
  9315 | Lair:5   | Ladykiller69: whats the baxe?
  9315 | Lair:5   | Ladykiller69: wield it goddamnit
  9319 | Lair:5   | Ladykiller69: I want to know!
  9325 | Lair:5   | timbw: i really think u should wear plate
  9384 | Lair:5   | Ladykiller69: WIELD THE SLIMY BATTLEAXE MAN
  9384 | Lair:5   | 4tharraofdagon: :D
  9384 | Lair:5   | Identified the +6,+1 battleaxe of Valour {vamp, +Blink MR+ Str-1} (You found it in a labyrinth)
  9384 | Lair:5   | Identified the +6,+1 battleaxe of Valour {vamp, +Blink MR+ Str-1} (You found it in a labyrinth)
  9385 | Lair:5   | 4tharraofdagon: this
  9385 | Lair:5   | timbw: good fo
  9385 | Lair:5   | timbw: elf
  9385 | Lair:5   | Ladykiller69: quite
  9385 | Lair:5   | Identified the cursed +3,+0 bow "Amahi" {venom, +Fly} (You found it in a labyrinth)
  9385 | Lair:5   | Identified the cursed +3,+0 bow "Amahi" {venom, +Fly} (You found it in a labyrinth)
  9387 | Lair:5   | Daniel: shame its only +1
  9388 | Lair:5   | timbw: honestly
  9388 | Lair:5   | timbw: I think plate is better then that rC chain
  9398 | Lair:5   | timbw: you already have ice ring
  9403 | Lair:5   | Ladykiller69: +4 rC chain
  9405 | Lair:5   | timbw: lol
  9418 | Lair:5   | timbw: 4 ac is nothing
  9439 | Lair:5   | timbw: its 6% gdr and about the same ac, or less ac with some armour skill
  9523 | Lair:5   | timbw: plate makes u immune to death yaks chain is just weak and bad
  9667 | Lair:8   | Entered Level 8 of the Lair of Beasts
  9779 | Lair:8   | timbw: ok
  9781 | Lair:8   | archaeo: timbw if you like plate so much why don't you marry it
  9782 | Lair:8   | timbw: time to change to plate?
  9789 | Lair:8   | Ladykiller69: uh
  9795 | Lair:8   | Ladykiller69: why
  9803 | Lair:8   | Ladykiller69: guess who has vamp
  9803 | Lair:8   | archaeo: I mean ladykiller timbw is correct
  9804 | Lair:8   | timbw: its not legal here yet, we are a pretty backwards country
  9814 | Lair:8   | Reached XP level 14. EP: 124/124
  9816 | Lair:8   | archaeo: that plate is better than even well-enchanted ring
  9831 | Lair:8   | archaeo: though I think the pip of rC is worth 6% GDR, personally
  9831 | Lair:8   | timbw: chain
  9836 | Lair:8   | timbw: I disagree
  9839 | Lair:8   | timbw: dont you see his hp
  9841 | Lair:8   | timbw: bouncing around
  9843 | Lair:8   | timbw: even with vamp and mak
  9850 | Lair:8   | timbw: he is taking huge amounts of dmg
  9859 | Lair:8   | archaeo: I mean I wouldn't call it huge, precisely
  9868 | Lair:8   | timbw: I would
  9875 | Lair:8   | archaeo: but sure, he could reduce that damage by an extra, what
  9881 | Lair:8   | archaeo: 6%?
  9888 | Lair:8   | timbw: he is losing more then his max hp each fight
  9908 | Lair:8   | timbw: it doesnt sounds like much when you put it like there
  9915 | Lair:8   | timbw: but the difference is big
  9922 | Lair:8   | archaeo: I mean for sure, that difference adds up over time
  9923 | Lair:8   | archaeo: but makh and vamp
  9924 | Lair:8   | timbw: no
  9925 | Lair:8   | timbw: you will feel it
  9927 | Lair:8   | timbw: immediately
  9928 | Lair:8   | timbw: he will get
  9928 | Lair:8   | timbw: like
  9936 | Lair:8   | timbw: 26-27 ac and higher gdr
  9944 | Lair:8   | archaeo: so a couple points of AC
  9955 | Lair:8   | timbw: it will be like 30% less dmg
  9968 | Lair:8   | timbw: vs these lair creatures
  9986 | Lair:8   | archaeo: I feel like 30% is overstating it, but I honestly don't know the math that well
  9994 | Lair:8   | archaeo: so I'll take your word for it
  9998 | Lair:8   | timbw: many hits
  9999 | Lair:8   | timbw: will do 0 dmg
 10007 | Lair:8   | timbw: and be resisted compltly so thinking of it like just another 6%
 10010 | Lair:8   | Ladykiller69: he dodmt traom invo did he
 10020 | Lair:8   | archaeo: sure sur
 10025 | Lair:8   | archaeo: sure*
 10045 | Lair:8   | Ladykiller69: *he didnt train invo did he
 10055 | Lair:8   | archaeo: I mean we're having an academic argument anyway
 10064 | Lair:8   | archaeo: 4tharra will wear what 4tharra wants to wear
 10074 | Lair:8   | Ladykiller69: you can just hit it now
 10103 | Lair:8   | archaeo: major destruction
 10105 | Lair:8   | archaeo: nice
 10202 | Lair:8   | Ladykiller69: cleave hard or go home :O
 10502 | Lair:8   | Gained mutation: Your magical capacity is low (-10% MP). [potion of mutation]
 10502 | Lair:8   | Gained mutation: You tend to lose your temper in combat. [potion of mutation]
 10504 | Lair:8   | Got a polished scimitar
 10510 | Lair:8   | Identified Uschuist's Handbook of Talismans and Hexes (You found it on level 8 of the Lair of Beasts)
 10515 | Lair:8   | Identified the cursed +1,-1 scimitar of the Vine {venom, rF+} (You found it on level 8 of the Lair of Beasts)
 10515 | Lair:8   | Identified the cursed +1,-1 scimitar of the Vine {venom, rF+} (You found it on level 8 of the Lair of Beasts)
 10559 | Lair:7   | Ladykiller69: uh
 10560 | Lair:7   | Ladykiller69: is he training evo?
 10563 | Lair:7   | Ladykiller69: or are my eyes fooling me?
 10571 | Lair:7   | Reached skill level 15 in Axes
 10572 | Lair:7   | timbw: ideally at this pint
 10572 | Lair:7   | timbw: point*
 10592 | Lair:7   | timbw: you want like 10-15 fighitng, 20~ axes, 10~ armour
 10598 | Lair:7   | timbw: 10 evo & inv~
 10606 | Lair:7   | timbw: something along those lines
 10608 | Lair:7   | timbw: it depends on apts ofc
 10701 | Lair:7   | Found a staircase to the Slime Pits.
 10720 | Lair:7   | timbw: cons or rmut pls
 10796 | Slime:1  | Entered Level 1 of the Pits of Slime
 10855 | Slime:2  | Noticed deathofrats' ghost (powerful TrMo)
 10858 | Slime:2  | timbw: man
 10864 | Slime:2  | Ladykiller69: thats quite ironic :D
 10867 | Slime:2  | timbw: do you at least have
 10867 | Slime:2  | Killed deathofrats' ghost
 10868 | Slime:2  | timbw: tele ring?
 10872 | Slime:2  | timbw: or random effects wand
 10872 | Slime:2  | 4tharraofdagon: no
 10872 | Slime:2  | timbw: can u even enter
 10872 | Slime:2  | timbw: vaults
 10872 | Slime:2  | timbw: :D
 10872 | Slime:2  | 4tharraofdagon: no rune
 10872 | Slime:2  | timbw: i mean
 10872 | Slime:2  | timbw: trj vault
 10872 | Slime:2  | timbw: slime treasure
 10873 | Slime:2  | 4tharraofdagon: oh sure
 10873 | Slime:2  | timbw: u can hope for
 10875 | Slime:2  | timbw: cacademon i guess
 10877 | Slime:2  | Noticed an acid blob
 10879 | Slime:2  | timbw: but what else?
 10889 | Slime:2  | Killed an acid blob
 10927 | Slime:2  | timbw: hey
 10936 | Slime:2  | timbw: you got that new potio
 10937 | Slime:2  | timbw: that turns you into a tree
 10946 | Slime:2  | archaeo: I'm curious about getting into the vaults as well
 10949 | Slime:2  | timbw: how useful is that?
 10949 | Slime:2  | 4tharraofdagon: i know
 10949 | Slime:2  | Ladykiller69: I used it a couple of times on my OgGl
 10949 | Slime:2  | 4tharraofdagon: does tree status gives might
 10949 | Slime:2  | NOPE: saw dck use it to kill grinder
 10949 | Slime:2  | NOPE: dunked on
 10949 | Slime:2  | Ladykiller69: the AC is great
 10968 | Slime:2  | Ladykiller69: (20)
 10995 | Slime:2  | hurdos: Do you want figth by scroll?
 10995 | Slime:2  | Ladykiller69: its VERY situational
 10996 | Slime:2  | archaeo: pretty sure it's just AC buff, I don't think you get might
 11000 | Slime:2  | hurdos: :D
 11000 | Slime:2  | timbw: +50% HP +20+0.5×XL AC (+33 AC at level 27)
 11005 | Slime:2  | timbw: 48% gdr
 11011 | Slime:2  | timbw: so
 11012 | Slime:2  | timbw: its like CPA
 11025 | Slime:3  | Gained mutation: You are frail (-10% HP). [a shining eye]
 11026 | Slime:3  | Ladykiller69: also slow acting afaik
 11028 | Slime:3  | timbw: and + 10 str
 11029 | Slime:3  | Gained mutation: Your vision is a little blurry. [a shining eye]
 11039 | Slime:3  | Gained mutation: Your magical capacity is very low (-20% MP). [a shining eye]
 11047 | Slime:3  | hurdos: time to die
 11061 | Slime:3  | timbw: yeah
 11061 | Slime:3  | 4tharraofdagon: yap
 11061 | Slime:3  | timbw: I dont think its wroth it
 11061 | Slime:3  | Ladykiller69: ?
 11061 | Slime:3  | timbw: The base cost of all actions is increased by 50% to 0% depending on your experience level
 11076 | Slime:4  | Ladykiller69: no digging or disint right?
 11078 | Slime:3  | timbw: so its like half a slow
 11083 | Slime:3  | Ladykiller69: so you dont get loot?
 11092 | Slime:3  | timbw: nah he can use cacademo
 11094 | Slime:3  | timbw: to open
 11113 | Slime:4  | timbw: with some luck that is
 11130 | Slime:4  | Ladykiller69: how do you tell that to a demon
 11130 | Slime:4  | archaeo: will cacodemon attack the walls without an enemy to strike?
 11140 | Slime:3  | Reached XP level 15. EP: 116/116
 11141 | Slime:3  | Ladykiller69: I really doubt that
 11141 | Slime:3  | timbw: ye they go crazy
 11141 | Slime:3  | timbw: with that dig
 11147 | Slime:4  | Ladykiller69: truly?
 11149 | Slime:4  | timbw: no enemies and they dig everywhere sometimes
 11150 | Slime:4  | timbw: its weird
 11151 | Slime:4  | timbw: no idea how it works
 11176 | Slime:5  | archaeo: is there a cure mut pot in the game yet?
 11181 | Slime:4  | timbw: its ided
 11185 | Slime:4  | timbw: no pots left afaik
 11247 | Slime:5  | timbw: anyways u cant care to much
 11248 | Slime:6  | Entered Level 6 of the Pits of Slime
 11258 | Slime:6  | timbw: the tree pot
 11258 | Slime:6  | Noticed an acid blob
 11259 | Slime:6  | timbw: is interesting for sure
 11261 | Slime:6  | Ladykiller69: but its not for you I think
 11262 | Slime:6  | Killed an acid blob
 11263 | Slime:6  | Noticed an acid blob
 11266 | Slime:6  | Ladykiller69: since the tree status stays for quite a long time
 11267 | Slime:6  | timbw: its can definitly be used for trj
 11269 | Slime:6  | Killed an acid blob
 11278 | Slime:6  | timbw: i dont like it for this char though
 11283 | Slime:6  | timbw: since no rC
 11284 | Slime:6  | archaeo: ring of ice
 11289 | Slime:6  | timbw: ye
 11293 | Slime:6  | timbw: that is no rC
 11293 | Slime:6  | archaeo: plus does Dj's natural rC- go away as tree?
 11294 | Slime:6  | timbw: he gets rC 0
 11295 | Slime:6  | Found a viscous altar of Jiyva.
 11300 | Slime:6  | timbw: probably not
 11311 | Slime:6  | Noticed the royal jelly
 11321 | Slime:6  | archaeo: wow
 11321 | Slime:6  | timbw: a fuck
 11321 | Slime:6  | timbw: you forgot
 11322 | Slime:6  | timbw: amulet
 11322 | Slime:6  | timbw: you have
 11324 | Slime:6  | timbw: cons
 11324 | Slime:6  | timbw: not rcorr I think
 11328 | Slime:6  | Gained mutation: Your body is deteriorating. [a shining eye]
 11351 | Slime:6  | Noticed an acid blob
 11356 | Slime:6  | Killed an acid blob
 11368 | Slime:6  | timbw: check amulet
 11384 | Slime:6  | archaeo: I thought I saw "You resist" earlier?
 11384 | Slime:6  | archaeo: yeah
 11384 | Slime:6  | timbw: man
 11384 | Slime:6  | timbw: chain armour
 11384 | Slime:6  | archaeo: TRJ just wrecked in melee I guess
 11384 | Slime:6  | timbw: sucks
 11384 | Slime:6  | Ladykiller69: hm
 11384 | Slime:6  | Ladykiller69: uh
 11384 | Slime:6  | 4tharraofdagon: i know what to do
 11384 | Slime:6  | timbw: go with treeform imo
 11384 | Slime:6  | Ladykiller69: where did he get rPois and rElec
 11384 | Slime:6  | 4tharraofdagon: chill out
 11388 | Slime:6  | Daniel: potion
 11395 | Slime:6  | Daniel: of resitance
 11441 | Slime:6  | Noticed an acid blob
 11458 | Slime:6  | hurdos: Death is waiting you :)
 11476 | Slime:6  | Noticed an acid blob
 11481 | Slime:6  | 4tharraofdagon: uh
 11486 | Slime:6  | Noticed an acid blob
 11487 | Slime:6  | Noticed an acid blob
 11494 | Slime:6  | Killed an acid blob
 11499 | Slime:6  | Killed an acid blob
 11501 | Slime:6  | Killed an acid blob
 11517 | Slime:6  | timbw: do tree form in corridor
 11525 | Slime:6  | timbw: best chance without haste
 11530 | Slime:6  | Reached skill level 16 in Axes
 11535 | Slime:6  | hurdos: LOL
 11535 | Slime:6  | timbw: oh its gone
 11535 | Slime:6  | timbw: well
 11535 | Slime:6  | araganzar: well at least pissed off balrug more likely to damage the stuff around you
 11541 | Slime:6  | Noticed an acid blob
 11541 | Slime:6  | Noticed an acid blob
 11541 | Slime:6  | Noticed an acid blob
 11541 | Slime:6  | archaeo: lololol
 11544 | Slime:6  | timbw: scroll of summoning?
 11545 | Slime:6  | Noticed an acid blob
 11545 | Slime:6  | Noticed an acid blob
 11545 | Slime:6  | Noticed an acid blob
 11553 | Slime:6  | Paralysed by a giant eyeball for 3 turns
 11558 | Slime:6  | archaeo: wow
 11562 | Slime:6  | timbw: what a clusterfuck
 11592 | Slime:6  | Paralysed by a giant eyeball for 2 turns
 11597 | Slime:6  | Killed an acid blob
 11600 | Slime:6  | hurdos: die or win! stop run!
 11602 | Slime:6  | archaeo: dude, eye
 11603 | Slime:6  | Noticed an acid blob
 11604 | Slime:6  | Ladykiller69: of doom
 11604 | Slime:6  | archaeo: well nvm
 11605 | Slime:6  | Killed an acid blob
 11606 | Slime:6  | archaeo: doesn't it need line of sight?
 11606 | Slime:6  | Slain by an acid blob

Action                   |  1- 3 |  4- 6 |  7- 9 | 10-12 | 13-15 || total
-------------------------+-------+-------+-------+-------+-------++-------
Melee: Hand axe          |   178 |   255 |    96 |       |       ||   529
       War axe           |       |       |   288 |   102 |       ||   390
       Battleaxe         |       |       |       |   372 |  1220 ||  1592
 Fire: Blowgun           |       |       |       |     1 |       ||     1
Throw: Dart              |       |    14 |       |     1 |       ||    15
Invok: Lesser Servant of |       |       |     4 |    11 |     5 ||    20
       Minor Destruction |       |       |     4 |     6 |       ||    10
       Greater Servant o |       |       |       |     9 |    19 ||    28
       Major Destruction |       |       |       |       |     5 ||     5
 Abil: Evoke Blink       |       |       |       |       |     7 ||     7
Evoke: Wand              |       |       |    10 |     8 |    24 ||    42
       fan of gales      |       |       |       |       |     2 ||     2
  Use: Scroll            |     3 |     3 |     5 |    23 |    17 ||    51
       Potion            |       |       |     8 |     6 |    20 ||    34
 Stab: Distracted        |       |       |       |     6 |     5 ||    11
